Map: Ruins of Seras

Players

lIllIIIlIIII - Winner!

  • Race: Zerg Zerg
  • League: Grandmaster

State

  • Race: Protoss Protoss
  • League: Grandmaster

VOD

Have the link to the VOD?

Description

Time

  • Played on: Dec. 28, 2015, 2:09 a.m.
  • Length: 11:04
Show
View Real Time Build Order
Export as new Build Order

lIllIIIlIIII Zerg - Winner!

Build Orders: Pool First 

Get SALT Encoding   

  12  0:01  Drone  
  13  0:14  Extractor  
  12  0:24  Spawning Pool  
  11  0:29  Drone  
  11  0:34  Drone  
  13  0:39  Drone  
  14  0:50  Overlord  
  14  1:11  Zergling x2  
  17  1:18  Metabolic Boost  
  17  1:22  Zergling x2  
  18  1:26  Zergling x2  
  18  1:31  Zergling x2  
  20  1:35  Zergling x2  
  19  1:47  Hatchery  
  18  1:55  Zergling x2  
  18  1:56  Zergling x2  
  20  2:09  Queen  
  22  2:16  Overlord  
  21  2:36  Drone x2  
  23  2:38  Drone  
  24  2:46  Queen  
  24  2:50  Drone  
  27  3:00  Drone x2  
  28  3:11  Drone x2  
  29  3:17  Drone x3  
  32  3:20  Overlord  
  32  3:25  Queen  
  34  3:30  Drone  
  35  3:34  Overlord  
  35  3:38  Drone  
  36  3:42  Spore Crawler  
  36  3:44  Drone  
  36  3:45  Drone  
  36  3:50  Drone x2  
  36  3:54  Drone  
  39  3:59  Drone  
  40  4:07  Drone x2  
  42  4:21  Spore Crawler  
  42  4:24  Overlord  
  41  4:25  Drone x2  
  41  4:29  Overlord  
  43  4:33  Roach Warren, Extractor  
  43  4:34  Drone x2  
  43  4:37  Drone  
  43  4:38  Lair  
  44  4:42  Drone x2  
  44  4:44  Drone  
  48  4:45  Drone  
  48  4:52  Zergling x6  
  51  4:53  Zergling x2  
  51  4:57  Zergling x2  
  51  4:58  Zergling x6  
  56  5:05  Zergling x2  
  57  5:09  Zergling x2  
  56  5:15  Hatchery  
  56  5:20  Roach x2  
  59  5:22  Overlord  
  58  5:36  Roach  
  58  5:40  Roach x2  
  60  5:43  Roach x3  
  60  5:44  Glial Reconstitution, Zergling x2  
  61  5:55  Drone x4  
  65  5:58  Drone  
  65  6:01  Overlord  
  66  6:06  Overlord  
  66  6:08  Overseer  
  66  6:12  Drone  
  66  6:21  Drone  
  66  6:22  Drone  
  66  6:23  Drone x3  
  71  6:30  Drone  
  71  6:31  Drone x4  
  75  6:35  Overlord  
  74  6:40  Drone  
  74  6:41  Drone  
  74  6:44  Hatchery  
  74  6:46  Drone  
  74  6:59  Roach x2  
  74  7:00  Roach  
  76  7:02  Roach  
  61  7:16  Roach x2  
  61  7:17  Roach x5  
  61  7:21  Drone x3  
  78  7:24  Hatchery  
  76  7:32  Roach x5  
  81  7:40  Drone  
  81  7:41  Drone  
  81  7:47  Drone x3  
  81  7:49  Drone x2  
  81  7:50  Drone  
  87  7:54  Tunneling Claws  
  87  7:55  Burrow  
  87  7:57  Drone  
  87  7:58  Drone  
  89  8:02  Overseer  
  89  8:07  Drone  
  89  8:08  Drone x3  
  89  8:12  Roach  
  95  8:13  Roach  
  95  8:14  Extractor  
  95  8:16  Roach  
  98  8:22  Overlord  
  98  8:23  Overlord  
  98  8:25  Overlord  
  98  8:33  Overlord  
  98  8:38  Roach x3  
  98  8:40  Queen  
  106  8:42  Roach  
  106  8:44  Roach  
  106  8:46  Roach  
  106  8:48  Roach  
  114  8:49  Roach  
  114  8:55  Roach x2  
  120  8:58  Roach  
  120  9:02  Roach  
  124  9:03  Drone x4  
  124  9:05  Extractor  
  124  9:06  Overlord  
  124  9:08  Roach  
  129  9:16  Roach  
  129  9:17  Roach x2  
  135  9:21  Roach x4  
  135  9:22  Overlord x2, Roach x24  
  135  9:24  Queen  
  137  9:33  Roach  
  137  9:37  Roach  
  141  9:38  Roach  
  141  9:44  Roach  
  145  9:50  Roach x24  
  145  9:51  Roach x7  
  159  9:59  Roach  
  159  10:12  Roach  
  142  10:22  Roach  
  130  10:28  Roach  
  130  10:29  Roach  
Show
View Real Time Build Order
Export as new Build Order

State Protoss 

Build Orders: 1 Gate Expand 

Get SALT Encoding   

  12  0:01  Probe (Chrono Boost)  
  13  0:12  Probe (Chrono Boost)  
  14  0:20  Pylon  
  14  0:22  Probe (Chrono Boost)  
  15  0:38  Probe (Chrono Boost)  
  15  0:40  Gateway  
  16  0:43  Assimilator  
  16  0:49  Probe (Chrono Boost)  
  17  0:59  Probe (Chrono Boost)  
  19  1:11  Probe (Chrono Boost)  
  19  1:22  Nexus  
  19  1:24  Probe (Chrono Boost)  
  20  1:34  Cybernetics Core  
  20  1:37  Probe (Chrono Boost)  
  21  1:43  Assimilator  
  21  1:48  Probe (Chrono Boost)  
  21  1:53  Pylon  
  21  1:55  Zealot (Chrono Boost)  
  23  2:11  Pylon  
  23  2:12  Mothership Core (Chrono Boost)  
  23  2:14  Warp Gate (Chrono Boost)  
  26  2:30  Adept  
  26  2:32  Probe (Chrono Boost)  
  27  2:44  Twilight Council  
  27  2:46  Probe (Chrono Boost)  
  27  2:47  Gateway  
  28  2:56  Probe (Chrono Boost)  
  28  2:57  Gateway  
  29  2:59  Gateway  
  29  3:03  Adept  
  29  3:09  Pylon  
  29  3:13  Probe (Chrono Boost)  
  30  3:20  Resonating Glaives (Chrono Boost)  
  30  3:24  Pylon  
  30  3:25  Probe (Chrono Boost)  
  31  3:44  Probe  
  32  3:48  Pylon  
  32  3:57  Probe  
  33  4:11  Probe  
  33  4:14  Gateway  
  33  4:15  Stalker  
  36  4:17  Adept x2  
  40  4:34  Nexus  
  40  4:38  Adept  
  40  4:42  Adept  
  44  4:48  Adept  
  44  4:51  Probe (Chrono Boost)  
  47  5:02  Dark Shrine  
  47  5:16  Gateway  
  47  5:18  Pylon  
  47  5:29  Twilight Council  
  47  5:30  Forge  
  47  5:36  Probe (Chrono Boost)  
  46  5:47  Probe (Chrono Boost)  
  39  5:52  Adept x2  
  39  5:53  Adept  
  39  5:54  Probe (Chrono Boost)  
  44  5:57  Probe (Chrono Boost)  
  45  6:05  Probe (Chrono Boost)  
  45  6:08  Probe (Chrono Boost), Protoss Ground Weapons Level 1  
  47  6:18  Dark Templar x2  
  49  6:20  Dark Templar  
  49  6:22  Probe (Chrono Boost)  
  52  6:27  Probe (Chrono Boost)  
  52  6:31  Adept  
  55  6:33  Probe (Chrono Boost)  
  57  6:44  Probe x2 (Chrono Boost)  
  58  6:52  Dark Templar x2  
  61  6:55  Probe x2 (Chrono Boost)  
  63  7:05  Probe x2 (Chrono Boost)  
  63  7:08  Assimilator  
  63  7:12  Assimilator  
  63  7:16  Probe x2 (Chrono Boost)  
  63  7:18  Robotics Facility  
  63  7:20  Pylon  
  65  7:26  Probe x2 (Chrono Boost)  
  62  7:37  Probe (Chrono Boost)  
  62  7:39  Zealot x5  
  68  7:49  Charge (Chrono Boost)  
  68  8:01  Archon  
  68  8:02  Nexus, Protoss Ground Weapons Level 2 (Chrono Boost)  
  68  8:03  Pylon  
  68  8:06  Pylon  
  68  8:07  Pylon  
  68  8:14  Dark Templar  
  70  8:20  Immortal (Chrono Boost)  
  70  8:24  Archon  
  74  8:28  Probe x2  
  74  8:30  Pylon  
  76  8:39  Zealot  
  76  8:40  Zealot  
  81  8:41  Probe x2  
  81  8:44  Sentry  
  84  8:53  Probe x2  
  86  8:59  Warp Prism (Chrono Boost)  
  86  9:00  Sentry  
  86  9:01  Sentry  
  92  9:06  Dark Templar  
  94  9:10  Dark Templar  
  94  9:15  Archon  
  96  9:17  Gateway  
  96  9:21  Gateway  
  96  9:29  Dark Templar x2  
  100  9:32  Probe x2  
  100  9:34  Archon  
  100  9:36  Zealot  
  100  9:47  Photon Cannon  
  100  9:48  Photon Cannon  
  100  9:50  Dark Templar  
  65  10:07  Zealot x4  
  65  10:18  Dark Templar  
  43  10:43  Probe x2  
  43  10:44  Probe  
Tags
 
Add a new tag
Caveats
  • Supply blocks, unpowered buildings, or Contaminate may cause inaccurate times.
  • Supply counts are checked every 10 seconds.